 Dungeon Crawl Stone Soup version 0.26-a0-854-gdc81c2f471 (webtiles) character file.

Game seed: 10399219707538523254

97215 Gargoyl the Corrupter of Planes (level 16, -7/127 HPs)
             Began as a Gnoll Abyssal Knight on Nov 24, 2020.
             Was the Champion of Lugonu.
             Killed from afar by a blizzard demon (18 damage)
             ... with a bolt of lightning
             ... on level 14 of the Dungeon.
             The game lasted 00:42:32 (27342 turns).

Gargoyl the Corrupter of Planes (GnAK)             Turns: 27342, Time: 00:42:33

Health: -7/127     AC: 30    Str: 21    XL:     16   Next: 19%
Magic:  27/30      EV: 16    Int: 14    God:    Lugonu [******]
Gold:   1238       SH: 13    Dex: 22    Spells: 36/36 levels left

rFire    . . .     SeeInvis +   O - +2 scimitar (flame)
rCold    . . .     Faith    .   d - +0 buckler
rNeg     + . .     Spirit   .   e - +2 plate armour {rPois}
rPois    +         Reflect  +   r - +2 helmet {SInv}
rElec    .         Harm     .   J - +1 cloak {rCorr}
rCorr    +         Rampage  .   c - +2 pair of gloves
MR       +....                  I - +2 pair of boots {Fly}
Stlth    +.........             L - amulet of reflection
HPRegen  0.31/turn              k - +6 ring of dexterity
MPRegen  0.22/turn              h - ring of positive energy

@: flying
A: distributed training, fangs 1, repulsion field 1, mutation resistance 1,
subdued magic 1, strong nose
a: Depart the Abyss, Bend Space, Banish, Corrupt, Enter the Abyss, Brand Weapon
With Distortion, Renounce Religion, Stop Flying


You were on level 14 of the Dungeon.
You worshipped Lugonu.
Lugonu was exalted by your worship.
You visited 2 branches of the dungeon, and saw 20 of its levels.
You visited the Abyss 1 time.
You also visited: Sewer, Ossuary and Gauntlet.

You collected 1758 gold pieces.
You spent 520 gold pieces at shops.

Inventory:

Hand Weapons
 y - a +2 hand axe of electrocution
 A - the +5 spear of Agavasiu {freeze, SInv}
   (You found it on level 13 of the Dungeon)

   It has been specially enchanted to freeze those struck by it, causing extra
   injury to most foes and up to half again as much damage against particularly
   susceptible opponents.
   It can also slow down cold-blooded creatures.
   It lets you see invisible.
 M - a +5 trident
 N - the +6 hand axe "Hydraslayer" {drain, rF+ rC+}
   (You found it on level 9 of the Dungeon)

   A truly terrible weapon, it drains the life of those it strikes.
   It protects you from fire.
   It protects you from cold.
 O - a +2 scimitar of flaming (weapon)
Missiles
 o - 119 poisoned darts (quivered)
 H - 5 curare-tipped darts
Armour
 c - a +2 pair of gloves (worn)
 d - a +0 buckler (worn)
 e - a +2 plate armour of poison resistance (worn)
 r - a +2 helmet of see invisible (worn)
 I - a +2 pair of boots of flying (worn)
 J - a +1 cloak of preservation (worn)
Jewellery
 a - an uncursed ring of ice {unknown}
 h - a ring of positive energy (right hand)
 k - a +6 ring of dexterity (left hand)
 n - an uncursed ring of protection from fire {unknown}
 u - an uncursed ring of flight {unknown}
 v - an uncursed ring of see invisible {unknown}
 w - an uncursed amulet of magic regeneration
 B - an uncursed ring of see invisible {unknown}
 E - an uncursed ring of protection from cold
 L - an amulet of reflection (around neck)
Wands
 R - a wand of digging (13)
Scrolls
 g - a scroll of identify
 j - 3 scrolls of summoning
 p - 3 scrolls of magic mapping
 q - 8 scrolls of teleportation
 x - 8 scrolls of remove curse
 D - 3 scrolls of blinking
 Q - a scroll of fear
 V - a scroll of fog
Potions
 b - 4 potions of berserk rage
 f - 4 potions of invisibility
 i - 4 potions of resistance
 l - 2 potions of magic
 m - a potion of cancellation {unknown}
 s - 3 potions of might
 t - 4 potions of curing
 z - 7 potions of heal wounds
 C - 6 potions of haste
 Y - a potion of ambrosia {unknown}


   Skills:
 + Level 12.2 Fighting
 + Level 10.6 Short Blades
 + Level 10.6 Long Blades
 + Level 11.4 Axes
 + Level 10.6 Maces & Flails
 + Level 10.6 Polearms
 + Level 10.6 Staves
 + Level 10.6 Slings
 + Level 10.6 Bows
 + Level 10.6 Crossbows
 + Level 10.6 Throwing
 + Level 11.4 Armour
 + Level 10.9 Dodging
 + Level 10.6 Stealth
 + Level 10.6 Shields
 + Level 10.6 Unarmed Combat
 + Level 10.6 Spellcasting
 + Level 9.0 Conjurations
 + Level 9.0 Hexes
 + Level 9.0 Summonings
 + Level 9.0 Necromancy
 + Level 9.0 Translocations
 + Level 9.0 Transmutations
 + Level 9.0 Fire Magic
 + Level 9.0 Ice Magic
 + Level 9.0 Air Magic
 + Level 9.0 Earth Magic
 + Level 9.0 Poison Magic
 + Level 12.2 Invocations
 + Level 10.6 Evocations


You had 36 spell levels left.
You didn't know any spells.
Your spell library contained the following spells:

 Spells                   Type           Power        Failure   Level
 Animate Skeleton         Necr           ####..       2%          1
 Beastly Appendage        Tmut           ####..       2%          1
 Freeze                   Ice            ####         2%          1
 Magic Dart               Conj           ####         2%          1
 Pain                     Necr           ####         2%          1
 Sting                    Tmut/Pois      ####         2%          1
 Blink                    Tloc           N/A          3%          2
 Call Imp                 Summ           ####....     3%          2
 Slow                     Hex            ####....     3%          2
 Wereblood                Tmut           ####....     3%          2
 Conjure Flame            Conj/Fire      ####....     8%          3
 Frozen Ramparts          Ice            ####..       8%          3
 Mephitic Cloud           Conj/Pois/Air  ####....     8%          3
 Ozocubu's Armour         Ice            ####....     8%          3
 Spider Form              Tmut/Pois      ####......   8%          3
 Vampiric Draining        Necr           ####......   8%          3
 Animate Dead             Necr           ####......   28%         4
 Cause Fear               Hex            ####......   28%         4
 Hailstorm                Conj/Ice       ####....     28%         4
 Ice Form                 Ice/Tmut       ####....     28%         4
 Leda's Liquefaction      Hex/Erth       ####......   28%         4
 Summon Ice Beast         Ice/Summ       ####....     28%         4
 Agony                    Necr           ####....     61%         5
 Alistair's Intoxication  Tmut/Pois      ####.....    61%         5
 Blade Hands              Tmut           ####......   61%         5
 Bolt of Magma            Conj/Fire/Erth ####......   61%         5
 Silence                  Hex/Air        ####......   61%         5
 Yara's Violent Unravell  Hex/Tmut       ####......   61%         5
 Iron Shot                Conj/Erth      ####......   99%         6
 Statue Form              Tmut/Erth      ####.....    99%         6
 Discord                  Hex            ####......   100%        8
 Shatter                  Erth           ####......   100%        9


Dungeon Overview and Level Annotations

Branches:
Dungeon (14/15)            Temple (0/1) D:7            Lair (6/6) D:11
 Shoals (0/4) Lair:2        Snake (0/4) Lair:2        Slime (0/5) Lair:6
    Orc (0/2) D:10         Vaults (0/5) D:14          Sewer (visited)
Ossuary (visited)         Gauntlet (visited)

Altars:
Cheibriados
Fedhas
Sif Muna
Wu Jian
Yredelemnul
Zin
The Shining One
Jiyva

Shops:
D:7 ?   D:12 =   D:14 [

Annotations:
D:3 2 runed translucent doors, Askman's ghost, amateur DsFi
D:5 1 runed translucent door
D:14 Plog's ghost, journeyman DsNe


Innate Abilities, Weirdness & Mutations

Your experience applies equally to all skills.
You have very sharp teeth.
Your uncanny sense of smell can sniff out nearby items.
You are surrounded by a mild repulsion field. (EV +2)
You are somewhat resistant to further mutation.
Your spells are a little easier to cast, but a little less powerful.


Message History

The blizzard demon gestures at you. The bolt of lightning misses you.
The bolt of lightning hits you!!
* * * LOW HITPOINT WARNING * * *
You barely miss the blizzard demon.
The blizzard demon is heavily wounded.
The blizzard demon waves its arms in wide circles.
The air twists around and violently strikes you in flight!!
* * * LOW HITPOINT WARNING * * *
Unknown command.
Unknown command.
You hit the blizzard demon but do no damage.
You bite the blizzard demon, but do no damage.
The blizzard demon is heavily wounded.
You block the blizzard demon's attack.
The blizzard demon completely misses you.
You closely miss the blizzard demon.
The blizzard demon is heavily wounded.
The blizzard demon gestures at you. The bolt of lightning hits you!!
You die...

##.##.......###.........######..#
#.#...###....##.###.#### #..#
##.#..# #....#.# #.# ##..#
#..#..# .?##...#.# #.# ##...#
...##.#...)#...'.# #.# ##.....
#...#...=.!#...'.# #.# #......
#...#..../##...'4# #.# #......
##.##.....#...Z#2# #.# #.#...#
#.#.....##....#@###[# #.....#
#.#...###....##...).# #.#####
#.##$.......##...#### #.# #..#
.....###..#.# #.# #..##
#####...##.# #.#####
##...###.......##.# #......
.[.......###..###.# #.#####
###.###### ##.# #.# #.##### #.#
#.# #.# #......


You could see a blizzard demon, an ice devil and a wyvern simulacrum.

Vanquished Creatures
  Kirke (Lair:5)
  2 entropy weavers (D:12)
  Nessos (Lair:6)
  4 vault guards (D:14)
  2 boulder beetles
  8 hydras
  A catoblepas (Lair:6)
  A death yak (Lair:2)
  5 centaur warriors
  A queen ant (D:12)
  2 two-headed ogres
  A skeletal warrior (D:9)
  3 unseen horrors
  A wizard (D:13)
  A lindwurm (Lair:5)
  A wolf spider zombie (D:14)
  Pikel (D:9)
  An orc knight (D:12)
  2 ugly things
  2 manticores
  2 cyclopes
  6 black mambas
  2 merfolk sirens (Lair:2)
  An eye of devastation (Gauntlet)
  19 elephants
  Joseph (D:7)
  2 kobold demonologists
  28 cane toads
  3 efreet
  A yaktaur (shapeshifter) (D:12)
  A yaktaur (D:12)
  2 ice devils (D:14)
  13 komodo dragons
  6 rime drakes
  3 meliai (D:13)
  3 tengu conjurers
  A queen bee (shapeshifter) (D:14)
  2 merfolk (Lair:2)
  4 trolls
  2 polar bears
  2 hornets
  28 blink frogs
  4 tyrant leeches (Lair:6)
  6 slime creatures
  4 flying skulls (D:9)
  Sigmund (D:2)
  5 shadows
  2 centaur simulacra (D:14)
  6 wraiths
  8 wyverns
  2 vampires
  9 basilisks
  6 hogs (Lair:5)
  78 yaks
  A fire elemental (Gauntlet)
  A basilisk (shapeshifter) (D:14)
  A redback simulacrum (D:14)
  6 vampire mosquitoes
  22 soldier ants
  An acid dragon (D:11)
  15 water moccasins
  2 hell hounds (Gauntlet)
  A floating eye (Gauntlet)
  6 small abominations (Gauntlet)
  3 ice beasts
  4 sky beasts
  A black bear (D:10)
  3 necrophages
  6 orc warriors
  10 centaurs
  5 ogres
  4 phantoms
  4 wolves (Lair:2)
  A lemure (D:9)
  4 big kobolds
  2 elf zombies (Ossuary)
  Blork the orc (D:8)
  34 bullfrogs
  A wyvern zombie (D:9)
  A hornet simulacrum (D:14)
  3 wyvern skeletons (D:9)
  5 scorpions
  8 killer bees
  5 wights
  An electric eel (Lair:6)
  4 howler monkeys
  3 bullfrog zombies
  3 centaur zombies
  4 hounds
  A human zombie (D:5)
  4 jellies
  9 bullfrog skeletons
  Crazy Yiuf (D:6)
  13 iguanas
  7 orc priests
  6 centaur skeletons
  Terence (D:3)
  8 orc wizards
  17 worker ants
  A killer bee zombie (D:9)
  A big kobold zombie (Ossuary)
  A hound zombie (D:9)
  A hound skeleton (D:9)
  2 mummies (Ossuary)
  2 howler monkey zombies
  5 worker ant zombies
  2 howler monkey skeletons
  12 adders
  3 gnolls (D:3)
  A river rat (D:5)
  3 shadow imps
  A white imp (D:5)
  3 adder zombies
  3 oozes
  4 adder skeletons
  4 worms
  A dart slug (D:2)
  4 leopard geckos
  68 orcs
  4 ball pythons
  13 bats
  6 giant cockroaches
  7 goblins
  4 hobgoblins
  24 jackals
  26 kobolds
  4 quokkas
  4 frilled lizards
  A goblin zombie (Ossuary)
  15 hobgoblin zombies (Ossuary)
  4 jackal zombies
  9 kobold zombies (Ossuary)
  A leopard gecko skeleton (D:5)
  4 orc zombies (Ossuary)
  12 rats
807 creatures vanquished.

Vanquished Creatures (others)
  A minotaur (Gauntlet)
  A blizzard demon (Gauntlet)
  2 ice devils (Gauntlet)
  2 swamp worms (Gauntlet)
  A bush (D:11)
  57 fungi
  135 plants
  4 starspawn tentacles (Gauntlet)
203 creatures vanquished.

Grand Total: 1010 creatures vanquished

Notes
Turn   | Place    | Note
-------+----------+-------------------------------------------
     0 | Abyss:1  | Gargoyl the Gnoll Abyssal Knight began the quest for the
                  | Orb.
     0 | Abyss:1  | Reached XP level 1. HP: 23/23 MP: 3/3
   114 | Abyss:1  | Noticed an efreet
   145 | D:1      | Escaped the Abyss
   336 | D:1      | Reached XP level 2. HP: 25/29 MP: 5/5
   994 | D:1      | Reached * piety under Lugonu
  1128 | D:2      | Reached XP level 3. HP: 30/35 MP: 6/6
  1130 | D:2      | Noticed Sigmund
  1153 | D:2      | Killed Sigmund
  1154 | D:2      | Reached skill level 1 in Short Blades
  1154 | D:2      | Reached skill level 1 in Long Blades
  1154 | D:2      | Reached skill level 1 in Maces & Flails
  1154 | D:2      | Reached skill level 1 in Polearms
  1154 | D:2      | Reached skill level 1 in Staves
  1154 | D:2      | Reached skill level 1 in Slings
  1154 | D:2      | Reached skill level 1 in Bows
  1154 | D:2      | Reached skill level 1 in Crossbows
  1154 | D:2      | Reached skill level 1 in Throwing
  1154 | D:2      | Reached skill level 1 in Stealth
  1154 | D:2      | Reached skill level 1 in Shields
  1154 | D:2      | Reached skill level 1 in Unarmed Combat
  1154 | D:2      | Reached skill level 1 in Spellcasting
  1154 | D:2      | Reached skill level 1 in Conjurations
  1154 | D:2      | Reached skill level 1 in Hexes
  1154 | D:2      | Reached skill level 1 in Summonings
  1154 | D:2      | Reached skill level 1 in Necromancy
  1154 | D:2      | Reached skill level 1 in Translocations
  1154 | D:2      | Reached skill level 1 in Transmutations
  1154 | D:2      | Reached skill level 1 in Fire Magic
  1154 | D:2      | Reached skill level 1 in Ice Magic
  1154 | D:2      | Reached skill level 1 in Air Magic
  1154 | D:2      | Reached skill level 1 in Earth Magic
  1154 | D:2      | Reached skill level 1 in Poison Magic
  1154 | D:2      | Reached skill level 1 in Evocations
  1154 | D:2      | Reached XP level 4. HP: 7/41 MP: 7/7
  1154 | D:2      | Reached XP level 5. HP: 8/47 MP: 8/8
  1850 | D:2      | Reached skill level 5 in Invocations
  1853 | D:2      | Reached XP level 6. HP: 44/53 MP: 9/9
  2320 | D:2      | Found an ornate altar of the Wu Jian Council.
  3057 | D:3      | Reached ** piety under Lugonu
  3340 | D:3      | Found a large runed translucent door.
  3340 | D:3      | Found a large runed translucent door.
  3340 | D:3      | Noticed Terence
  3368 | D:3      | Killed Terence
  3369 | D:3      | Reached skill level 5 in Axes
  3369 | D:3      | Reached skill level 5 in Armour
  3402 | D:3      | Noticed Askman's ghost (amateur DsFi)
  3731 | D:4      | Found a sand-covered staircase.
  3741 | Ossuary  | Entered an ossuary
  3950 | Ossuary  | Reached *** piety under Lugonu
  3965 | Ossuary  | Reached XP level 7. HP: 48/59 MP: 10/10
  4726 | D:4      | Reached **** piety under Lugonu
  5035 | D:5      | Entered Level 5 of the Dungeon
  5085 | D:5      | Found a glowing drain.
  5096 | Sewer    | Entered a sewer
  5157 | Sewer    | Reached XP level 8. HP: 57/67 MP: 12/12
  5276 | D:5      | Found a snail-covered altar of Cheibriados.
  5813 | D:5      | Found a runed translucent door.
  5819 | D:5      | Found a basalt altar of Yredelemnul.
  6712 | D:6      | Reached XP level 9. HP: 56/72 MP: 11/14
  6836 | D:6      | Reached ***** piety under Lugonu
  7425 | D:6      | Reached skill level 5 in Dodging
  7931 | D:6      | Found a runed translucent door.
  7932 | D:6      | Noticed Crazy Yiuf
  7937 | D:6      | Killed Crazy Yiuf
  8003 | D:7      | Found Tysm's Magic Scroll Emporium.
  8043 | D:7      | Bought a scroll of acquirement for 520 gold pieces
  8043 | D:7      | Acquired a +2 pair of boots of flying
  8108 | D:7      | Acquired a +1 cloak of preservation
  8321 | D:7      | Found a staircase to the Ecumenical Temple.
  8498 | D:7      | Noticed Joseph
  8515 | D:7      | Killed Joseph
  8516 | D:7      | Reached XP level 10. HP: 65/80 MP: 14/17
  8984 | D:8      | Reached skill level 5 in Short Blades
  8984 | D:8      | Reached skill level 5 in Long Blades
  8984 | D:8      | Reached skill level 5 in Maces & Flails
  8984 | D:8      | Reached skill level 5 in Polearms
  8984 | D:8      | Reached skill level 5 in Staves
  8984 | D:8      | Reached skill level 5 in Slings
  8984 | D:8      | Reached skill level 5 in Bows
  8984 | D:8      | Reached skill level 5 in Crossbows
  8984 | D:8      | Reached skill level 5 in Throwing
  8984 | D:8      | Reached skill level 5 in Stealth
  8984 | D:8      | Reached skill level 5 in Shields
  8984 | D:8      | Reached skill level 5 in Unarmed Combat
  8984 | D:8      | Reached skill level 5 in Spellcasting
  8984 | D:8      | Reached skill level 5 in Evocations
  9589 | D:8      | Noticed Blork the orc
  9684 | D:8      | Found a shimmering blue altar of Sif Muna.
  9702 | D:8      | Killed Blork the orc
  9707 | D:8      | Gained mutation: You are surrounded by a mild repulsion
                  | field. (EV +2) [potion of mutation]
  9707 | D:8      | Gained mutation: Your spells are a little easier to cast,
                  | but a little less powerful. [potion of mutation]
  9707 | D:8      | Gained mutation: You are somewhat resistant to further
                  | mutation. [potion of mutation]
 10236 | D:9      | Noticed Pikel
 10243 | D:9      | Killed Pikel
 10402 | D:9      | Reached XP level 11. HP: 74/86 MP: 19/19
 10430 | D:9      | Noticed a skeletal warrior
 10484 | D:9      | Killed a skeletal warrior
 10485 | D:9      | Reached skill level 5 in Conjurations
 10485 | D:9      | Reached skill level 5 in Hexes
 10485 | D:9      | Reached skill level 5 in Summonings
 10485 | D:9      | Reached skill level 5 in Necromancy
 10485 | D:9      | Reached skill level 5 in Translocations
 10485 | D:9      | Reached skill level 5 in Transmutations
 10485 | D:9      | Reached skill level 5 in Fire Magic
 10485 | D:9      | Reached skill level 5 in Ice Magic
 10485 | D:9      | Reached skill level 5 in Air Magic
 10485 | D:9      | Reached skill level 5 in Earth Magic
 10485 | D:9      | Reached skill level 5 in Poison Magic
 10879 | D:9      | Reached ****** piety under Lugonu
 11221 | D:9      | Got a crystal hand axe
 11222 | D:9      | Identified the +6 hand axe "Hydraslayer" {drain, rF+ rC+}
                  | (You found it on level 9 of the Dungeon)
 11555 | D:10     | Entered Level 10 of the Dungeon
 12102 | D:10     | Found a staircase to the Orcish Mines.
 12197 | D:10     | Found a glowing silver altar of Zin.
 12449 | D:11     | Noticed a cyclops
 12453 | D:11     | Noticed a boulder beetle
 12462 | D:11     | Killed a cyclops
 12494 | D:11     | Killed a boulder beetle
 12764 | D:11     | Reached XP level 12. HP: 95/95 MP: 22/22
 12842 | D:11     | Found a staircase to the Lair.
 13456 | Lair:1   | Entered Level 1 of the Lair of Beasts
 13503 | Lair:1   | Found a gate leading to a gauntlet.
 13523 | Gauntlet | Entered a Gauntlet
 13523 | Gauntlet | Found a transporter.
 13523 | Gauntlet | Found a transporter.
 13523 | Gauntlet | Found the amulet of the Air {Inacc +Fly rElec EV+5 RMsl}
 13668 | Gauntlet | Found a transporter.
 13671 | Gauntlet | Found a transporter.
 13671 | Gauntlet | Found a transporter.
 13679 | Gauntlet | Noticed a blizzard demon
 13681 | Gauntlet | Found a transporter.
 13685 | Gauntlet | Found a transporter.
 13744 | Gauntlet | Corrupted Gauntlet
 13745 | Gauntlet | Noticed a tentacled starspawn
 13750 | Gauntlet | Noticed a deep elf elementalist
 13752 | Gauntlet | Killed a blizzard demon
 13792 | Gauntlet | Killed a minotaur
 13884 | Gauntlet | Found a transporter.
 14064 | Gauntlet | Found a transporter.
 14065 | Gauntlet | Found a transporter.
 14238 | Gauntlet | Found a transporter.
 14240 | Gauntlet | Found a transporter.
 14244 | Gauntlet | Paralysed by a floating eye for 4 turns
 14370 | Gauntlet | Got a faintly glowing bronze ring
 14398 | Gauntlet | Identified the ring of Altruism {Wiz rPois rF+ rC- rN+}
                  | (You found it in a Gauntlet)
 14414 | Gauntlet | Found the +7 sceptre of Torment {pain, torment}
 15405 | Lair:2   | Noticed a five-headed hydra
 15431 | Lair:1   | Killed a one-headed hydra
 15432 | Lair:1   | Reached skill level 10 in Fighting
 16097 | Lair:2   | Reached XP level 13. HP: 87/102 MP: 24/24
 16367 | Lair:2   | Reached skill level 10 in Invocations
 16548 | Lair:2   | Found a staircase to the Shoals.
 16908 | Lair:2   | Found a staircase to the Snake Pit.
 18157 | Lair:4   | Reached XP level 14. HP: 101/110 MP: 26/26
 18165 | Lair:4   | Reached skill level 10 in Axes
 18165 | Lair:4   | Reached skill level 10 in Armour
 18171 | Lair:4   | Found a frozen archway.
 19350 | Lair:5   | Noticed Kirke
 19832 | Lair:5   | Killed Kirke
 20157 | Lair:5   | Found a basalt altar of Yredelemnul.
 20991 | Lair:6   | Entered Level 6 of the Lair of Beasts
 20991 | Lair:6   | Found a viscous altar of Jiyva.
 20991 | Lair:6   | Found a staircase to the Slime Pits.
 21496 | Lair:6   | Reached skill level 10 in Dodging
 21633 | Lair:6   | Reached XP level 15. HP: 90/118 MP: 28/28
 21939 | Lair:6   | Noticed Nessos
 21962 | Lair:6   | Killed Nessos
 23679 | D:12     | Reached skill level 10 in Short Blades
 23679 | D:12     | Reached skill level 10 in Long Blades
 23679 | D:12     | Reached skill level 10 in Maces & Flails
 23679 | D:12     | Reached skill level 10 in Polearms
 23679 | D:12     | Reached skill level 10 in Staves
 23679 | D:12     | Reached skill level 10 in Slings
 23679 | D:12     | Reached skill level 10 in Bows
 23679 | D:12     | Reached skill level 10 in Crossbows
 23679 | D:12     | Reached skill level 10 in Throwing
 23679 | D:12     | Reached skill level 10 in Stealth
 23679 | D:12     | Reached skill level 10 in Shields
 23679 | D:12     | Reached skill level 10 in Unarmed Combat
 23679 | D:12     | Reached skill level 10 in Spellcasting
 23679 | D:12     | Reached skill level 10 in Evocations
 23792 | D:12     | Found Xyoguz Roxu's Jewellery Shoppe.
 24648 | D:13     | Got a crystal spear
 24649 | D:13     | Identified the +5 spear of Agavasiu {freeze, SInv} (You
                  | found it on level 13 of the Dungeon)
 24685 | D:13     | Identified the Volume of Glacial Moulding
 25251 | D:13     | Found a blossoming altar of Fedhas.
 25272 | D:13     | Got a jewelled leather armour
 25273 | D:13     | Identified the +3 leather armour "Zomuesuf" {Dex+4} (You
                  | found it on level 13 of the Dungeon)
 25810 | D:14     | Noticed Plog's ghost (journeyman DsNe)
 25924 | D:14     | Found a gate to the Vaults.
 25958 | D:14     | Reached XP level 16. HP: 70/126 MP: 30/30
 26424 | D:14     | Found Wuebutt's Antique Armour Shoppe.
 26688 | D:14     | Found a runed translucent gate.
 26688 | D:14     | Found a runed translucent gate.
 26688 | D:14     | Found a runed translucent gate.
 26850 | D:14     | Found a glowing golden altar of the Shining One.
 27342 | D:14     | Killed from afar by a blizzard demon

Illustrated notes

Levels and vault maps discovered:
D:1:      psy_arrival_terrarium, layout_loops_corners, corner_web_ring,
          item_on_display_a
D:2:      layout_basic, general_overflow_altar, uniq_sigmund
D:3:      layout_basic, ebering_ghost_disaster_area,
          wander_ebering_terrifying_dragon_lair, uniq_terence
D:4:      layout_loops_ring, enter_ossuary_1, minmay_splitting_lines,
          grunt_ministairs_1
D:5:      layout_cave_pods, basic_altar, portal_sewer_entry_e,
          dk_yredelemnul_ordeal
D:6:      layout_loops_corners, uniq_crazy_yiuf_cottage
D:7:      layout_basic, minmay_temple_entry_crystal_x, serial_shops,
          nicolae_shop_waterfront, uniq_joseph
D:8:      layout_loops_ring, tgw_sif
D:9:      hangedman_screamer, layout_loops_ring, uniq_pikel
D:10:     layout_loops_ring, hiddenorc1_lemuel, basic_altar
D:11:     layout_basic, minmay_lair_entry_grove
D:12:     layout_long_grid, serial_shops, kennysheep_mini, zaba_antful_of_joy
D:13:     minmay_ambush_box, layout_cave_pools, basic_altar
D:14:     layout_loops_ring, lightli_vaults_fourway_checkpoint,
          gammafunk_ghost_icy, serial_shops, shop,
          nicolae_tso_swordbearing_angel
Lair:1:   layout_gridlike, gauntlet_entry_generic
Lair:2:   beast_lair_carwin_large_4, layout_regular_city,
          elwin_shoals_entry_stream, dummy_snake_entry, grunt_megastairs_5,
          lemuel_fruit_tree
Lair:3:   layout_long_grid
Lair:4:   layout_cellular_growth, portal_ice_cave_entry_pillars_2, minivault_19
Lair:5:   layout_regular_city, basic_altar, hibernation_bobbens,
          infiniplex_staircase_pool_2, uniq_kirke
Lair:6:   minmay_lair_end_frog_pond, layout_regular_city, slime_altar_1,
          wad_woods_river_04, uniq_nessos

Skill      XL: |  1  2  3  4  5  6  7  8  9 10 11 12 13 14 15 16 |
---------------+-------------------------------------------------+-----
Short Blades   | 1 2 3 4 5 6 7 8 9 10 | 10.6
Long Blades    | 1 2 3 4 5 6 7 8 9 10 | 10.6
Maces & Flails | 1 2 3 4 5 6 7 8 9 10 | 10.6
Polearms       | 1 2 3 4 5 6 7 8 9 10 | 10.6
Staves         | 1 2 3 4 5 6 7 8 9 10 | 10.6
Slings         | 1 2 3 4 5 6 7 8 9 10 | 10.6
Bows           | 1 2 3 4 5 6 7 8 9 10 | 10.6
Crossbows      | 1 2 3 4 5 6 7 8 9 10 | 10.6
Throwing       | 1 2 3 4 5 6 7 8 9 10 | 10.6
Dodging        | 3 4 5 6 7 8 9 10 | 10.9
Stealth        | 1 2 3 4 5 6 7 8 9 10 | 10.6
Shields        | 1 2 3 4 5 6 7 8 9 10 | 10.6
Unarmed Combat | 1 2 3 4 5 6 7 8 9 10 | 10.6
Spellcasting   | 1 2 3 4 5 6 7 8 9 10 | 10.6
Conjurations   | 1 2 3 4 5 6 7 8 9 |  9.0
Hexes          | 1 2 3 4 5 6 7 8 9 |  9.0
Summonings     | 1 2 3 4 5 6 7 8 9 |  9.0
Necromancy     | 1 2 3 4 5 6 7 8 9 |  9.0
Translocations | 1 2 3 4 5 6 7 8 9 |  9.0
Transmutations | 1 2 3 4 5 6 7 8 9 |  9.0
Fire Magic     | 1 2 3 4 5 6 7 8 9 |  9.0
Ice Magic      | 1 2 3 4 5 6 7 8 9 |  9.0
Air Magic      | 1 2 3 4 5 6 7 8 9 |  9.0
Earth Magic    | 1 2 3 4 5 6 7 8 9 |  9.0
Poison Magic   | 1 2 3 4 5 6 7 8 9 |  9.0
Evocations     | 1 2 3 4 5 6 7 8 9 10 | 10.6
Invocations    | 5 6 7 8 9 10 11 12 | 12.2
Axes           | 5 6 7 8 9 10 11 | 11.4
Armour         | 5 6 7 8 9 10 11 | 11.4
Fighting       | 7 8 9 10 11 12 | 12.2

Action                   |  1- 3 |  4- 6 |  7- 9 | 10-12 | 13-15 | 16-18 || total
-------------------------+-------+-------+-------+-------+-------+-------++-------
Melee: Hand axe          |    72 |   233 |   455 |  1033 |  1601 |   166 ||  3560
       Bite              |     6 |    29 |    66 |   181 |   318 |    34 ||   634
       Scimitar          |       |       |       |     9 |    63 |     4 ||    76
Throw: Dart              |       |     3 |     2 |    36 |    55 |     1 ||    97
Invok: Depart the Abyss  |     1 |       |       |       |       |       ||     1
       Corrupt           |       |       |       |     1 |       |       ||     1
       Banish            |       |       |       |       |       |     1 ||     1
  Use: Scroll            |     3 |     8 |    10 |    11 |     8 |     2 ||    42
       Potion            |     2 |       |       |     3 |     1 |     1 ||     7
 Stab: Sleeping          |       |     1 |       |       |       |       ||     1
       Distracted        |       |       |       |       |     1 |       ||     1
Armor: Leather armour    |    29 |    18 |       |       |       |       ||    47
       Chain mail        |       |   129 |   319 |   356 |   414 |       ||  1218
       Plate armour      |       |       |       |       |   282 |    49 ||   331
Dodge: Dodged            |    37 |   109 |   218 |   483 |  1003 |    62 ||  1912
Block: Buckler           |    28 |    61 |   130 |   350 |  1159 |    84 ||  1812
       Reflection        |       |       |       |     1 |    21 |     3 ||    25
       Other             |       |       |       |       |     4 |       ||     4
       Rpst.: Scimitar   |       |       |       |     1 |     9 |       ||    10

Table legend: (Time is in decaauts)
 A = Elapsed time spent in this place.
 B = Non-inter-level travel time spent in this place.
 C = Inter-level travel time spent in this place.
 D = Time resting spent in this place.
 E = Time spent auto-exploring this place.
 F = Levels seen in this place.
 G = Mean time per level.
                   A        B        C        D        E       F      G
               +--------+--------+--------+--------+--------+-----+--------+
         Total |  26850 |  26151 |    699 |   3908 |  15114 |  24 | 1118.8 |
       Dungeon |  16901 |  16431 |    470 |   2297 |   9920 |  14 | 1207.2 |
          Lair |   8012 |   7784 |    228 |   1059 |   4709 |   6 | 1335.3 |
         Abyss |    147 |    147 |      0 |      0 |    116 |   1 |  147.0 |
         Sewer |    148 |    148 |      0 |      0 |     91 |   1 |  148.0 |
       Ossuary |    453 |    453 |      0 |    169 |     66 |   1 |  453.0 |
      Gauntlet |   1187 |   1187 |      0 |    382 |    212 |   1 | 1187.0 |
               +--------+--------+--------+--------+--------+-----+--------+

Top non-repeatable levels by time:
    D:14: 1734 daAuts
  Lair:6: 1614 daAuts
     D:9: 1549 daAuts
  Lair:4: 1544 daAuts
  Lair:2: 1522 daAuts
     D:6: 1499 daAuts
    D:12: 1425 daAuts
  Lair:5: 1418 daAuts
     D:5: 1327 daAuts
     D:3: 1317 daAuts
     D:1: 1211 daAuts
     D:8: 1192 daAuts
Gauntlet: 1187 daAuts
    D:10: 1095 daAuts
  Lair:3: 1046 daAuts
